 Dungeon Crawl Stone Soup version 0.29-a0-520-gc852659d43 (webtiles) character file.

Game seed: 8518427820425649134

23152 Morbidden the Thaumaturge (level 12, -2/97 HPs)
             Began as a Demonspawn Air Elementalist on May 31, 2022.
             Was a High Priest of Cheibriados.
             Slain by a goliath frog (4 damage)
             ... on level 6 of the Lair of Beasts.
             The game lasted 00:24:00 (14084 turns).

Morbidden the Thaumaturge (DsAE)                   Turns: 14084, Time: 00:24:01

Health: -2/97      AC: 13    Str: 22    XL:     12   Next: 69%
Magic:  0/26       EV: 17    Int: 36    God:    Cheibriados [*****.]
Gold:   456        SH:  0    Dex: 28    Spells: 20/31 levels left

rFire   . . .      SeeInvis .   b - staff of air
rCold   . . .      Faith    .   (no shield)
rNeg    . . .      Spirit   +   M - +2 troll leather armour {Snorg}
rPois   .          Reflect  .   i - +0 helmet
rElec   +          Harm     .   G - +2 cloak
rCorr   .          Rampage  .   (no gloves)
Will    .....                   w - +0 pair of boots
Stlth   +++.......              p - amulet of magic regeneration
HPRegen 1.06/turn               H - ring of wizardry
MPRegen 0.80/turn               J - +4 ring of slaying

@: slowed, studying Crossbows, very slow
A: claws 2, icy blue scales 1, spiny 2, magic shield, magic regeneration, magic
link, robust 1, MP-powered wands
a: Renounce Religion, Bend Time, Temporal Distortion, Slouch, Step From Time


You were on level 6 of the Lair of Beasts.
You worshipped Cheibriados.
Cheibriados was extremely pleased with you.
You visited 3 branches of the dungeon, and saw 16 of its levels.

You collected 703 gold pieces.
You spent 247 gold pieces at shops.

Inventory:

Missiles
 D - a curare-tipped dart (quivered)
Armour
 i - a +0 helmet (worn)
 w - a +0 pair of boots (worn)
 x - a +2 leather armour of fire resistance
 y - +0 steam dragon scales
 z - +0 swamp dragon scales
 G - a +2 cloak (worn)
 M - a +2 troll leather armour (worn) {Snorg}
Magical Staves
 b - a staff of air (weapon)
 P - a staff of cold
Jewellery
 m - a ring of ice
 p - an amulet of magic regeneration (around neck)
 q - a ring of ice
 H - a ring of wizardry (left claw)
 J - a +4 ring of slaying (right claw)
 R - the ring of the Delightful God {rPois rCorr}
   (You found it on level 2 of the Lair of Beasts)

   [ring of resist corrosion]

   rPois:     It protects you from poison.
   rCorr:     It protects you from acid and corrosion.
Wands
 F - a wand of charming (3)
 O - a wand of polymorph (5)
 T - a wand of flame (5)
Scrolls
 a - 2 scrolls of fear {unknown}
 c - a scroll of blinking {unknown}
 d - 2 scrolls of immolation
 f - 2 scrolls of noise
 g - 2 scrolls of fog {unknown}
 h - 3 scrolls of enchant armour {unknown}
 j - 8 scrolls of teleportation
 l - a scroll of vulnerability {unknown}
 n - a scroll of magic mapping {unknown}
 o - 3 scrolls of amnesia {unknown}
 r - 2 scrolls of brand weapon {unknown}
 s - 14 scrolls of identify
 t - 3 scrolls of enchant weapon {unknown}
 A - 2 scrolls of torment {unknown}
 K - a scroll of silence {unknown}
 N - 2 scrolls of poison {unknown}
Potions
 e - 2 potions of degeneration {unknown}
 k - 2 potions of haste {unknown}
 u - 4 potions of mutation
 v - 2 potions of might {unknown}
 B - 2 potions of heal wounds {unknown}
 C - a potion of lignification
 E - 2 potions of brilliance {unknown}
 L - 2 potions of curing {unknown}
Miscellaneous
 I - a tin of tremorstones (2/2)
 Q - a condenser vane


   Skills:
 * Level 6.5 Fighting
 * Level 2.6 Staves
 + Level 0.6 Throwing
 + Level 2.0 Armour
 * Level 6.2 Dodging
 + Level 3.0 Stealth
 * Level 5.4 Unarmed Combat
 * Level 10.4 Spellcasting
 * Level 6.9 Conjurations
 * Level 1.7 Translocations
 * Level 9.6 Air Magic
 * Level 6.4 Invocations
 * Level 4.8 Evocations


You had 20 spell levels left.
You knew the following spells:

 Your Spells              Type           Power      Damage    Failure   Level
a - Shock                 Conj/Air       100%       1d9       1%          1
b - Static Discharge      Conj/Air       87%        N/A       1%          2
c - Airstrike             Air            46%        N/A       1%          4
z - Iskenderun's Mystic   Conj/Tloc      50%        2d11      1%          4

Your spell library contained the following spells:

 Spells                   Type           Power      Damage    Failure   Level
 Magic Dart               Conj           100%       1d8       1%          1
 Necrotize                Necr           72%        1d7       1%          1
 Summon Small Mammal      Summ           72%        N/A       1%          1
 Poisonous Vapours        Pois/Air       100%       N/A       1%          2
 Searing Ray              Conj           100%       2d8       1%          2
 Conjure Flame            Conj/Fire      43%        6-21      1%          3
 Mephitic Cloud           Conj/Pois/Air  73%        N/A       1%          3
 Swiftness                Air            93%        N/A       1%          3
 Corpse Rot               Necr/Pois/Air  58%        N/A       2%          4
 Fulminant Prism          Conj/Hex       21%        3d13      2%          4
 Sticky Flame             Conj/Fire      43%        2d6       2%          4
 Call Canine Familiar     Summ           18%        N/A       3%          3
 Ignite Poison            Fire/Tmut/Pois 18%        N/A       3%          3
 Summon Guardian Golem    Hex/Summ       18%        N/A       3%          3
 Vampiric Draining        Necr           18%        2d7       3%          3
 Freezing Cloud           Conj/Ice/Air   36%        6-21      3%          5
 Animate Dead             Necr           18%        N/A       11%         4
 Summon Forest            Summ/Tloc      12%        N/A       21%         5
 Agony                    Necr           18%        N/A       26%         5
 Borgnjor's Vile Clutch   Necr/Erth      9%         N/A       26%         5
 Lee's Rapid Deconstruct  Erth           9%         3d8*      26%         5
 Summon Mana Viper        Hex/Summ       18%        N/A       26%         5
 Death Channel            Necr           9%         N/A       80%         6
 Summon Cactus Giant      Summ           9%         N/A       80%         6


Dungeon Overview and Level Annotations

Branches:
Dungeon (11/15)            Temple (1/1) D:4            Lair (3/6) D:10
  Swamp: Lair:2-4    Shoals: Lair:2-4     Snake: Lair:2-4    Spider: Lair:2-4
    Orc: D:9-12

Altars:
Ashenzari
Cheibriados
Dithmenos
Elyvilon
Fedhas
Hepliaklqana
Makhleb
Nemelex Xobeh
Qazlal
Ru
Sif Muna
Trog
Uskayaw
Vehumet
Wu Jian
Xom
Yredelemnul
Zin

Shops:
D:1 !   D:4 *   D:7 [

Annotations:
D:3 1 runed translucent door, Crazy Yiuf
D:4 2 transporters, Smoky173's ghost, amateur DrVM
D:10 1 runed translucent door, Morbidden's ghost, journeyman TrTm
Lair:6 Josephine


Innate Abilities, Weirdness & Mutations

You have very sharp fingernails.
You are partially covered in icy blue scales. (AC +2)
You are mostly covered in sharp spines.
When hurt, damage is shared between your health and your magic reserves.
You regenerate magic rapidly.
When low on magic, you restore magic in place of health.
You are robust. (+10% HP)
You expend magic power (3 MP) to strengthen your wands.


Message History

Unknown command.
Unknown command.
Magic courses through your body.
The yak is engulfed in calcifying dust.
The catoblepas gores you!!
* * * LOW HITPOINT WARNING * * *
The yak is struck by your spines. The yak closely misses you.
The goliath frog completely misses you. The wraith is struck by your spines.
The wraith completely misses you. The catoblepas gores you!
* * * LOW HITPOINT WARNING * * *
The yak is engulfed in calcifying dust.
The blink frog croaks.
Unknown command.
Unknown command.
Unknown command.
Unknown command.
It was a potion of mutation.
You feel extremely strange.
You feel your magical essence link to the dungeon's wands.
You feel robust. The goliath frog misses you. The yak closely misses you.
The wraith is struck by your spines. The wraith misses you.
The wraith is struck by your spines. The wraith hits you but does no damage.
The catoblepas barely misses you. The goliath frog closely misses you.
The wraith is struck by your spines.
You destroy the wraith!
Cheibriados appreciates the change of pace.
The yak gores you but does no damage.
Unknown command.
Unknown command.
Okay, then.
As you read the scroll labelled ONUUDD RUZEE, it crumbles to dust.
You hear a loud clanging noise!
It was a scroll of noise.
You hear an angry buzzing noise.
You hear a croak.
You hear a bellow! x4
You hear a trumpeting!
You hear an angry buzzing noise.
You hear an angry hiss.
You hear a trumpeting! x2; You hear an angry hiss.
You hear an angry buzzing noise.
You hear a loud, deep croak!
You hear a croak.
You hear a loud, deep croak!
You hear a croak.
You hear a howl!
You hear a croak.
The goliath frog hits you from afar!
You die... ..# PP.......

##..#....<.....
#.#..#.........
##...........###
#.#.........##..
###....<....P#.).
........Y........
.......@YF.......
......@YwS....^..
.......W.F.......
....#....B..#...
.#.....†....# .P
...........†#
......†..†....
..............
................


You could see a catoblepas, a boulder beetle (petrified), Josephine, a torpor
snail, a goliath frog, 2 yaks, a blink frog, a wraith and a water moccasin.

Vanquished Creatures
  Gastronok (Lair:1)
  Snorg (D:10)
  Fannar (D:11)
  A boulder beetle (Lair:6)
  3 hydras (Lair:2)
  2 two-headed ogres
  Erica (D:10)
  A cyclops (D:11)
  A manticore (D:11)
  2 black mambas
  2 kobold demonologists (D:10)
  7 cane toads
  Maggie (D:7)
  4 komodo dragons
  A polar bear (Lair:2)
  2 hornets
  3 trolls
  A slime creature (Lair:1)
  3 basilisks
  2 steam dragons
  6 wraiths
  18 yaks
  An acid dragon (D:8)
  4 water moccasins
  A sky beast (D:8)
  3 black bears
  2 ice beasts
  An ogre (D:4)
  2 orc warriors
  6 wolves
  5 centaurs
  A phantom (D:6)
  3 kobold brigands
  10 bullfrogs
  A necrophage (D:8)
  4 scorpions
  A gnoll sergeant (D:7)
  9 wights
  11 killer bees
  2 electric eels
  7 howler monkeys
  6 orc priests
  9 jellies
  6 hounds
  2 iguanas
  8 orc wizards
  6 gnolls
  11 adders
  2 white imps
  2 ufetubi (D:6)
  3 dart slugs
  32 orcs
  7 ball pythons
  10 bats
  18 endoplasms
  A giant cockroach (D:4)
  4 goblins
  12 hobgoblins
  2 jackals (D:4)
  4 quokkas
  2 frilled lizards
  7 kobolds
  5 rats
297 creatures vanquished.

Vanquished Creatures (others)
  17 fungi
  45 plants
62 creatures vanquished.

Grand Total: 359 creatures vanquished

Notes
Turn   | Place    | Note
-------+----------+-------------------------------------------
     0 | D:1      | Morbidden the Demonspawn Air Elementalist began the quest
                  | for the Orb.
     0 | D:1      | Reached XP level 1. HP: 13/13 MP: 3/3
   433 | D:1      | Gained mutation: You have sharp fingernails. [demonic
                  | ancestry]
   433 | D:1      | Reached XP level 2. HP: 19/19 MP: 3/5
   691 | D:1      | Found Okhluurekh's Distillery.
   702 | D:1      | Learned a level 2 spell: Static Discharge
  1098 | D:1      | Found a faded altar of an unknown god.
  1441 | D:2      | Reached XP level 3. HP: 25/25 MP: 3/6
  2909 | D:3      | Reached skill level 1 in Fighting
  2909 | D:3      | Gained mutation: You regenerate magic rapidly. [demonic
                  | ancestry]
  2909 | D:3      | Reached XP level 4. HP: 32/32 MP: 1/7
  2947 | D:3      | Gained mutation: You are partially covered in icy blue
                  | scales. (AC +2) [demonic ancestry]
  2947 | D:3      | Reached XP level 5. HP: 27/27 MP: 3/9
  3384 | D:3      | Found a hazy altar of Hepliaklqana.
  3455 | D:3      | Reached skill level 3 in Spellcasting
  3530 | D:3      | Found a runed translucent door.
  3531 | D:3      | Noticed Crazy Yiuf
  3586 | D:3      | Found an ornate altar of the Wu Jian Council.
  3826 | D:3      | Learned a level 4 spell: Airstrike
  3875 | D:4      | Found Juidwutius's Fire Supplies.
  4034 | D:4      | Reached skill level 1 in Unarmed Combat
  4050 | D:4      | Found a transporter.
  4094 | D:4      | Noticed an ogre
  4193 | D:4      | Found a transporter.
  4194 | D:4      | Noticed Smoky173's ghost (amateur DrVM)
  4313 | D:4      | Gained mutation: You are partially covered in sharp spines.
                  | [demonic ancestry]
  4313 | D:4      | Reached XP level 6. HP: 39/40 MP: 7/11
  4320 | D:4      | Found a shimmering altar of Xom.
  4351 | D:4      | Found a hide-covered altar of Uskayaw.
  4413 | D:4      | Found a staircase to the Ecumenical Temple.
  4440 | Temple   | Entered the Ecumenical Temple
  4718 | Temple   | Became a worshipper of Cheibriados the Contemplative
  4818 | D:4      | Identified the +0 ring mail "Baraul" {+Blink rPois Int-3}
  4848 | D:4      | Found a blossoming altar of Fedhas.
  4912 | D:5      | Entered Level 5 of the Dungeon
  5058 | D:5      | Reached XP level 7. HP: 49/49 MP: 2/12
  5091 | D:5      | Reached skill level 4 in Spellcasting
  5091 | D:5      | Reached skill level 1 in Invocations
  5654 | D:4      | Bought a +2 leather armour of fire resistance for 247 gold
                  | pieces
  5727 | D:6      | Gained mutation: You have very sharp fingernails. [demonic
                  | ancestry]
  5727 | D:6      | Reached XP level 8. HP: 50/57 MP: 9/15
  5741 | D:6      | Reached skill level 5 in Spellcasting
  5888 | D:6      | Reached * piety under Cheibriados
  5889 | D:6      | Reached skill level 5 in Air Magic
  6171 | D:6      | Identified the +0 leather armour of Infinity {rPois rCorr
                  | Stlth+}
  6563 | D:6      | Reached skill level 5 in Conjurations
  6642 | D:6      | Reached ** piety under Cheibriados
  6772 | D:6      | Gained mutation: You are mostly covered in sharp spines.
                  | [demonic ancestry]
  6772 | D:6      | Reached XP level 9. HP: 65/65 MP: 15/17
  7040 | D:7      | Noticed Maggie
  7057 | D:7      | Killed Maggie
  7058 | D:7      | Reached skill level 6 in Spellcasting
  7429 | D:7      | Paralysed by a hornet for 3 turns
  7434 | D:7      | Reached skill level 1 in Evocations
  7617 | D:7      | Found Veowos's Armour Shop.
  8157 | D:8      | Reached *** piety under Cheibriados
  8387 | D:8      | Reached skill level 1 in Armour
  8388 | D:8      | Reached skill level 7 in Spellcasting
  8620 | D:8      | Found a shimmering blue altar of Sif Muna.
  9028 | D:9      | Found a radiant altar of Vehumet.
  9100 | D:9      | Gained mutation: When hurt, damage is shared between your
                  | health and your magic reserves. [demonic ancestry]
  9100 | D:9      | Reached XP level 10. HP: 73/73 MP: 12/20
  9165 | D:9      | Reached **** piety under Cheibriados
  9605 | D:9      | Noticed a two-headed ogre
  9609 | D:9      | Killed a two-headed ogre
  9759 | D:10     | Entered Level 10 of the Dungeon
  9759 | D:10     | Noticed Erica
  9789 | D:10     | Noticed a two-headed ogre
  9793 | D:10     | Killed a two-headed ogre
  9794 | D:10     | Reached skill level 5 in Fighting
 10031 | D:10     | Reached skill level 8 in Spellcasting
 10065 | D:10     | Found a staircase to the Lair.
 10082 | D:10     | Reached ***** piety under Cheibriados
 10083 | D:10     | Reached skill level 5 in Dodging
 10096 | D:10     | Reached XP level 11. HP: 80/80 MP: 3/23
 10125 | D:10     | Noticed Snorg
 10130 | D:10     | Killed Snorg
 10532 | D:10     | Found a runed translucent door.
 10534 | D:10     | Noticed Morbidden's ghost (journeyman TrTm)
 10536 | D:10     | Noticed a skeletal warrior
 10645 | D:10     | Killed Erica
 10646 | D:10     | Reached skill level 5 in Invocations
 11068 | D:11     | Reached skill level 9 in Spellcasting
 11134 | D:11     | Noticed Fannar
 11150 | D:11     | Killed Fannar
 11274 | D:11     | Reached skill level 1 in Staves
 11771 | Lair:1   | Entered Level 1 of the Lair of Beasts
 11869 | Lair:1   | Noticed Gastronok
 11879 | Lair:1   | Killed Gastronok
 11880 | Lair:1   | Reached skill level 5 in Unarmed Combat
 12308 | Lair:1   | Learned a level 4 spell: Iskenderun's Mystic Blast
 12526 | Lair:1   | Gained mutation: When low on magic, you restore magic in
                  | place of health. [demonic ancestry]
 12526 | Lair:1   | Reached XP level 12. HP: 86/87 MP: 8/25
 12814 | Lair:2   | Reached ****** piety under Cheibriados
 12879 | Lair:2   | Identified the ring of the Delightful God {rPois rCorr}
 12895 | Lair:2   | Noticed a four-headed hydra
 12900 | Lair:2   | Killed a four-headed hydra
 12958 | Lair:2   | Noticed a seven-headed hydra
 12962 | Lair:2   | Killed a seven-headed hydra
 12982 | Lair:2   | Noticed a six-headed hydra
 12991 | Lair:2   | Killed a six-headed hydra
 13402 | Lair:2   | Reached skill level 10 in Spellcasting
 14069 | Lair:3   | You fall into a shaft and drop 3 floors!
 14069 | Lair:6   | Entered Level 6 of the Lair of Beasts
 14069 | Lair:6   | Noticed Josephine
 14069 | Lair:6   | Noticed a boulder beetle
 14072 | Lair:6   | Noticed a catoblepas
 14072 | Lair:6   | Noticed a boulder beetle
 14075 | Lair:6   | Reached skill level 1 in Translocations
 14078 | Lair:6   | Killed a boulder beetle
 14082 | Lair:6   | HP: 4/89 [catoblepas (8)]
 14082 | Lair:6   | HP: 1/89 [catoblepas (3)]
 14083 | Lair:6   | Gained mutation: You expend magic power (3 MP) to
                  | strengthen your wands. [potion of mutation]
 14083 | Lair:6   | Gained mutation: You are robust. (+10% HP) [potion of
                  | mutation]
 14084 | Lair:6   | Slain by a goliath frog

Illustrated notes

Levels and vault maps discovered:
D:1:      zaba_arrival_water, layout_basic, serial_shops,
          nicolae_shop_statue_plus, hellmonk_ecumenical_altar_heavens_door,
          minmay_tetromino_i2
D:2:      layout_basic, minmay_distorted
D:3:      layout_basic, lemuel_round_altar, mainiacjoe_overflow_alcove_2,
          amethyst_killhole, uniq_crazy_yiuf_cottage
D:4:      layout_rooms, general_overflow_altar, kennysheep_mini,
          old_standard_altar, minmay_temple_entry_stoned_glass,
          gammafunk_ghost_smash, minmay_misc_feat_square, st_stairs_10,
          nicolae_shop_fire_sale [nicolae_sub_dead_trees],
          minmay_misc_feat_more_columns
D:5:      layout_rooms, serial_bayou_lagoon_a, kennysheep_pointless_box
D:6:      old_forge, layout_loops_corners, serial_glass, glass_columns_c,
          glass_columns_a
D:7:      layout_loops_ring, serial_shops, nicolae_shop_behind_doors,
          serial_park_tiny_pond, serial_bayou_lagoon_b, uniq_maggie
D:8:      layout_loops_cross, led_sif_pool
D:9:      layout_small_grid, chequers_temple_overflow_statue_of_worship
D:10:     layout_basic, erik_lair_island, ebering_ghost_inner_flame,
          grunt_decor_fettered, st_stairs_9, uniq_snorg, uniq_erica
D:11:     layout_roguey, uniq_fannar
Temple:   jpeg_temple_clearing
Lair:1:   lemuel_slime, layout_cave_pods, lemuel_fruit_fields, uniq_gastronok
Lair:2:   layout_cave_pods, infiniplex_staircase_pool_2
Lair:3:   layout_cave_pods, minmay_snake_entry_guardpost_small,
          grunt_forest_small_clearings
Lair:6:   minmay_lair_end_frog_pond, layout_cave_shapes,
          dpeg_slime_entry_corner, lemuel_fruit_fields, uniq_josephine

Skill      XL: |  1  2  3  4  5  6  7  8  9 10 11 12 |
---------------+-------------------------------------+-----
Air Magic      | 3 4 5 6 7 8 9 |  9.6
Dodging        | 2 3 4 5 6 |  6.2
Fighting       | 1 2 4 5 6 |  6.5
Stealth        | 2 3 |  3.0
Conjurations   | 2 3 5 6 |  6.9
Spellcasting   | 3 4 5 7 8 9 10 | 10.4
Unarmed Combat | 1 2 3 4 5 |  5.4
Invocations    | 1 2 3 4 5 6 |  6.4
Evocations     | 1 2 4 |  4.8
Armour         | 1 2 |  2.0
Staves         | 1 2 |  2.6
Translocations | 1 |  1.7
Throwing       | |  0.6

Action                   |  1- 3 |  4- 6 |  7- 9 | 10-12 || total
-------------------------+-------+-------+-------+-------++-------
Melee: Unarmed           |    44 |    11 |     5 |    12 ||    72
       Punch             |     2 |       |       |     5 ||     7
       Staff             |       |       |     1 |    37 ||    38
Throw: Dart              |       |       |       |     1 ||     1
 Cast: Shock             |   100 |   121 |   174 |   110 ||   505
       Static Discharge  |       |     4 |    39 |    42 ||    85
       Airstrike         |       |       |    31 |   108 ||   139
       Iskenderun's Myst |       |       |       |    14 ||    14
Invok: Slouch            |       |       |       |     2 ||     2
Evoke: Tin of tremorston |       |       |       |     2 ||     2
       Wand              |       |       |       |     2 ||     2
  Use: Potion            |       |     2 |     1 |     2 ||     5
       Scroll            |       |       |       |     5 ||     5
 Stab: Sleeping          |       |       |       |     1 ||     1
Armor: Robe              |    25 |     4 |     3 |       ||    32
       Skin              |       |    17 |       |       ||    17
       Leather armour    |       |       |     3 |       ||     3
       Steam dragon scal |       |       |     4 |       ||     4
       Swamp dragon scal |       |       |    14 |     9 ||    23
       Troll leather arm |       |       |       |    23 ||    23
Dodge: Dodged            |    48 |    18 |    30 |    82 ||   178

Table legend: (Time is in decaauts)
 A = Elapsed time spent in this place.
 B = Non-inter-level travel time spent in this place.
 C = Inter-level travel time spent in this place.
 D = Time resting spent in this place.
 E = Time spent auto-exploring this place.
 F = Levels seen in this place.
 G = Mean time per level.
                   A        B        C        D        E       F      G
               +--------+--------+--------+--------+--------+-----+--------+
         Total |  18858 |  17964 |    894 |    899 |  15051 |  16 | 1178.6 |
       Dungeon |  14355 |  13563 |    792 |    799 |  11101 |  11 | 1305.0 |
        Temple |    316 |    269 |     47 |    100 |    154 |   1 |  316.0 |
          Lair |   4186 |   4132 |     54 |      0 |   3796 |   4 | 1046.5 |
               +--------+--------+--------+--------+--------+-----+--------+

Top non-repeatable levels by time:
  Lair:2: 2088 daAuts
  Lair:1: 1855 daAuts
     D:6: 1773 daAuts
    D:10: 1614 daAuts
    D:11: 1437 daAuts
     D:1: 1419 daAuts
     D:7: 1410 daAuts
     D:2: 1408 daAuts
     D:9: 1307 daAuts
     D:8: 1227 daAuts
     D:3: 1077 daAuts
     D:5: 869 daAuts
     D:4: 809 daAuts
  Temple: 316 daAuts
  Lair:3: 217 daAuts
